TOP OF THE 1ST |
---|
Red Deer Wranglers batting - Pitching for Balzac Rams : RHP Steve Deal | Pitching: RHP Steve Deal | | Batting: RHB Julián García | 0-0: Foul Ball, location: 2F 0-1: Ball 1-1: SINGLE (Flyball, 78S) | Batting: SHB Robbie Rhodes | 0-0: Ball 1-0: Ball 2-0: Ball 3-0: Called Strike 3-1: Base on Balls Julián García to second | Batting: LHB Edgar López | 0-0: Called Strike 0-1: Foul Ball, location: 2F 0-2: Foul Ball, location: 2F 0-2: Fielders Choice at 2nd, 1-6 (Groundball, 13S) Julián García to third | Batting: LHB Jorge Olvera | 0-0: Ball 1-0: Ball 2-0: Called Strike 2-1: Foul Ball, location: 2F 2-2: Ball 3-2: SINGLE (Flyball, 78M) Julián García scores Edgar López to second | Batting: RHB Pedro Cabrera | 0-0: Ball 1-0: Ball 2-0: Foul Ball, location: 2F 2-1: Ball 3-1: Foul Ball, location: 2F 3-2: Base on Balls Edgar López to third Jorge Olvera to second | Batting: RHB Joe Lewis | 0-0: Called Strike 0-1: Ball 1-1: SINGLE (Line Drive, 34) Edgar López scores Jorge Olvera to third Pedro Cabrera to second Runner from 3rd tries for Home, SAFE, no throw | Batting: LHB Francisco Blanco | 0-0: Fly out, F7 (Flyball, 7) | Batting: RHB Ismael Ortíz | 0-0: Called Strike 0-1: Called Strike 0-2: Ball 1-2: Ball 2-2: Ball 3-2: DOUBLE (Line Drive, 9LM) Pedro Cabrera scores Joe Lewis to third Joe Lewis scores | Batting: LHB Héctor Santos | 0-0: Ball 1-0: Foul Ball, location: 2F 1-1: Called Strike 1-2: Strikes out swinging | Top of the 1st over - 5 runs, 4 hits, 0 errors, 1 left on base; Red Deer 5 - Balzac 0 | BOTTOM OF THE 1ST |
---|
Balzac Rams batting - Pitching for Red Deer Wranglers : RHP Arthur Kemp | Pitching: RHP Arthur Kemp | | Batting: SHB Emílio Calvillo | 0-0: Ball 1-0: Ball 2-0: Ball 3-0: Called Strike 3-1: Swinging Strike 3-2: Ground out 6-3 (Groundball, 6S) | Batting: LHB Troy Jackson | 0-0: Ball 1-0: Ball 2-0: Called Strike 2-1: Swinging Strike 2-2: Ball 3-2: Base on Balls | Batting: RHB Gunner Allen | 0-0: Fly out, F7 (Line Drive, 78M) | Batting: RHB Ken Longoria | 0-0: Called Strike 0-1: Ball 1-1: Ball 2-1: Ball 3-1: Base on Balls Troy Jackson to second | Batting: RHB Tommy Wilson | 0-0: Called Strike 0-1: Ball 1-1: SINGLE (Groundball, 6MS) (infield hit) Troy Jackson to third Ken Longoria to second | Batting: LHB Carlos Romero | 0-0: Swinging Strike 0-1: Foul Ball, location: 2F 0-2: Fielders Choice at 2nd, 5-4 (Groundball, 56) | Bottom of the 1st over - 0 runs, 1 hit, 0 errors, 3 left on base; Red Deer 5 - Balzac 0 | TOP OF THE 2ND |
---|
Red Deer Wranglers batting - Pitching for Balzac Rams : RHP Steve Deal | Batting: RHB Julián García | 0-0: Ground out 5-3 (Groundball, 5) | Batting: SHB Robbie Rhodes | 0-0: Called Strike 0-1: Foul Ball, location: 2F 0-2: Ball 1-2: Ball 2-2: Ball 3-2: Strikes out swinging | Batting: LHB Edgar López | 0-0: Called Strike 0-1: Ball 1-1: Ground out 6-3 (Groundball, 6) | Top of the 2nd over - 0 runs, 0 hits, 0 errors, 0 left on base; Red Deer 5 - Balzac 0 | BOTTOM OF THE 2ND |
---|
Balzac Rams batting - Pitching for Red Deer Wranglers : RHP Arthur Kemp | Batting: RHB Lorenzo Silva | 0-0: Foul Ball, location: 2F 0-1: Ball 1-1: SINGLE (Line Drive, 7S) | Batting: RHB Jason Ward | 0-0: Ball 1-0: Ball Lorenzo Silva is caught stealing 2nd base 2-0: Called Strike 2-1: SINGLE (Flyball, 78M) | Batting: RHB Ricardo Muñóz | 0-0: Called Strike 0-1: Foul Ball, location: 2F 0-2: Ball Wild Pitch! Jason Ward to second 1-2: Ball 2-2: Foul Ball, location: 2F 2-2: Strikes out swinging | Batting: SHB Emílio Calvillo | 0-0: Ball 1-0: Foul Ball, location: 2F 1-1: DOUBLE (Flyball, 78D) Jason Ward scores | Batting: LHB Troy Jackson | 0-0: Called Strike 0-1: Ground out 5-3 (Groundball, 5L) | Bottom of the 2nd over - 1 run, 3 hits, 0 errors, 1 left on base; Red Deer 5 - Balzac 1 | TOP OF THE 3RD |
---|
Red Deer Wranglers batting - Pitching for Balzac Rams : RHP Steve Deal | Batting: LHB Jorge Olvera | 0-0: Called Strike 0-1: Swinging Strike 0-2: Strikes out swinging | Batting: RHB Pedro Cabrera | 0-0: Ball 1-0: Ball 2-0: Ball 3-0: Base on Balls | Batting: RHB Joe Lewis | 0-0: Ball 1-0: Ball 2-0: Ball 3-0: Base on Balls Pedro Cabrera to second | Batting: LHB Francisco Blanco | 0-0: Ball 1-0: Foul Ball, location: 2F 1-1: Ball 2-1: Ball 3-1: Foul Ball, location: 2F 3-2: Fielders Choice at 2nd, 1-6 (Groundball, 13S) Pedro Cabrera to third | Batting: RHB Ismael Ortíz | 0-0: Called Strike 0-1: Ball 1-1: Foul Ball, location: 2F 1-2: Ball 2-2: Foul Ball, location: 2F 2-2: Ball 3-2: Strikes out looking | Top of the 3rd over - 0 runs, 0 hits, 0 errors, 2 left on base; Red Deer 5 - Balzac 1 | BOTTOM OF THE 3RD |
---|
Balzac Rams batting - Pitching for Red Deer Wranglers : RHP Arthur Kemp | Batting: RHB Gunner Allen | 0-0: Ball 1-0: Called Strike 1-1: Ground out 6-3 (Groundball, 6) | Batting: RHB Ken Longoria | 0-0: DOUBLE (Line Drive, 7LM) | Batting: RHB Tommy Wilson | 0-0: Ball 1-0: Ball 2-0: Ball 3-0: Called Strike 3-1: Base on Balls | Batting: LHB Carlos Romero | 0-0: Called Strike 0-1: Swinging Strike 0-2: Ball 1-2: Ball 2-2: Foul Ball, location: 2F 2-2: Foul Ball, location: 2F 2-2: Fielders Choice at 2nd, 6-4 (Groundball, 6) Ken Longoria to third | Batting: RHB Lorenzo Silva | 0-0: Ground out 5-3 (Groundball, 56S) | Bottom of the 3rd over - 0 runs, 1 hit, 0 errors, 2 left on base; Red Deer 5 - Balzac 1 | TOP OF THE 4TH |
---|
Red Deer Wranglers batting - Pitching for Balzac Rams : RHP Steve Deal | Batting: LHB Héctor Santos | 0-0: Ball 1-0: Ball 2-0: Called Strike 2-1: Swinging Strike 2-2: Ball 3-2: SOLO HOME RUN (Flyball, 89XD), Distance : 430 ft | Batting: RHB Julián García | 0-0: Ball 1-0: Reached on error, E5 (Groundball, 56) | Batting: SHB Robbie Rhodes | 0-0: Called Strike 0-1: Ball 1-1: Called Strike 1-2: Strikes out looking | Batting: LHB Edgar López | 0-0: Ball Julián García is caught stealing 2nd base 1-0: Called Strike 1-1: SINGLE (Line Drive, 78M) | Batting: LHB Jorge Olvera | 0-0: Ball 1-0: Ball 2-0: Called Strike 2-1: SINGLE (Flyball, 8LS) Edgar López to second | Batting: RHB Pedro Cabrera | 0-0: Ball 1-0: Ball 2-0: Ball 3-0: Called Strike 3-1: Fielders Choice at 2nd, 5-4 (Groundball, 56) | Top of the 4th over - 1 run, 3 hits, 1 error, 2 left on base; Red Deer 6 - Balzac 1 | BOTTOM OF THE 4TH |
---|
Balzac Rams batting - Pitching for Red Deer Wranglers : RHP Arthur Kemp | Batting: RHB Jason Ward | 0-0: Swinging Strike 0-1: SINGLE (Groundball, 5D) | Batting: RHB Ricardo Muñóz | 0-0: Grounds into double play, 6-4-3 (Groundball, 6) | Batting: SHB Emílio Calvillo | 0-0: Ball 1-0: Foul Ball, location: 2F 1-1: Foul Ball, location: 2F 1-2: Foul Ball, location: 2F 1-2: Ground out 6-3 (Groundball, 6) | Bottom of the 4th over - 0 runs, 1 hit, 0 errors, 0 left on base; Red Deer 6 - Balzac 1 | TOP OF THE 5TH |
---|
Red Deer Wranglers batting - Pitching for Balzac Rams : RHP Steve Deal | Pitching: RHP John Harris | | Batting: RHB Joe Lewis | 0-0: Ball 1-0: DOUBLE (Line Drive, 7LS) | Batting: LHB Francisco Blanco | 0-0: Ball 1-0: Swinging Strike 1-1: Foul Ball, location: 2F 1-2: Ball 2-2: Foul Ball, location: 2F 2-2: Ball 3-2: Base on Balls | Batting: RHB Ismael Ortíz | 0-0: Ball 1-0: Called Strike 1-1: Foul Ball, location: 2F 1-2: Strikes out looking | Batting: LHB Héctor Santos | 0-0: DOUBLE (Line Drive, 9LM) Joe Lewis scores Francisco Blanco to third Runner from 3rd tries for Home, SAFE, no throw | Batting: RHB Julián García | 0-0: Ball 1-0: Foul Ball, location: 2F 1-1: Ball 2-1: Foul Ball, location: 2F 2-2: Ball 3-2: Fly out, F9 (Flyball, 9LSF) | Batting: SHB Robbie Rhodes | 0-0: Called Strike 0-1: Ball 1-1: Foul Ball, location: 2F 1-2: Strikes out swinging | Top of the 5th over - 2 runs, 2 hits, 0 errors, 1 left on base; Red Deer 8 - Balzac 1 | BOTTOM OF THE 5TH |
---|
Balzac Rams batting - Pitching for Red Deer Wranglers : RHP Arthur Kemp | Batting: LHB Troy Jackson | 0-0: Ball 1-0: Ball 2-0: SINGLE (Groundball, 34D) | Batting: RHB Gunner Allen | 0-0: SINGLE (Groundball, 34D) Troy Jackson to second Runner from 2nd tries for 3rd, OUT! | Batting: RHB Ken Longoria | 0-0: Called Strike 0-1: Ball 1-1: Ball 2-1: Swinging Strike 2-2: Foul Ball, location: 2F 2-2: Ball 3-2: SINGLE (Flyball, 89S) Gunner Allen to second Runner from 2nd tries for 3rd, SAFE, throw made to third | Batting: RHB Tommy Wilson | 0-0: Swinging Strike 0-1: Ball 1-1: Ball 2-1: Ball 3-1: Called Strike 3-2: Foul Ball, location: 2F 3-2: Base on Balls Ken Longoria to second | Batting: LHB Carlos Romero | 0-0: Swinging Strike 0-1: Fielders Choice at 2nd, 4-6 (Groundball, 4) Gunner Allen scores Ken Longoria to third | Batting: RHB Lorenzo Silva | 0-0: Ball 1-0: Foul Ball, location: 2F 1-1: Ball 2-1: DOUBLE (Line Drive, 9D) Ken Longoria scores Carlos Romero to third Runner from 3rd tries for Home, SAFE, throw made at trailing runner, OUT at third! | Bottom of the 5th over - 3 runs, 4 hits, 0 errors, 0 left on base; Red Deer 8 - Balzac 4 | TOP OF THE 6TH |
---|
Red Deer Wranglers batting - Pitching for Balzac Rams : RHP John Harris | Batting: LHB Edgar López | 0-0: Ball 1-0: Ball 2-0: Called Strike 2-1: Foul Ball, location: 2F 2-2: SINGLE (Groundball, 4MD) | Batting: LHB Jorge Olvera | 0-0: Swinging Strike 0-1: Foul Ball, location: 2F 0-2: Strikes out swinging | Batting: RHB Pedro Cabrera | 0-0: Ball 1-0: Ball 2-0: SINGLE (Flyball, 8RS) Edgar López to second | Batting: RHB Joe Lewis | 0-0: Swinging Strike 0-1: Ball 1-1: Foul Ball, location: 2F 1-2: Foul Ball, location: 2F 1-2: Ball 2-2: Fly out, F8 (Flyball, 8RXD) Runner from 2nd tags up, SAFE at 3rd, no throw | Batting: LHB Francisco Blanco | 0-0: Called Strike 0-1: Fly out, F7 (Flyball, 78D) | Top of the 6th over - 0 runs, 2 hits, 0 errors, 2 left on base; Red Deer 8 - Balzac 4 | BOTTOM OF THE 6TH |
---|
Balzac Rams batting - Pitching for Red Deer Wranglers : RHP Arthur Kemp | Pitching: RHP Dusty Smith | | Batting: RHB Jason Ward | 0-0: Called Strike 0-1: Ball 1-1: Ball 2-1: Ground out 5-3 (Groundball, 56S) | Batting: RHB Ricardo Muñóz | 0-0: Ball 1-0: Called Strike 1-1: Swinging Strike 1-2: Foul Ball, location: 2F 1-2: Strikes out swinging | Batting: SHB Emílio Calvillo | 0-0: Ball 1-0: Ball 2-0: Ball 3-0: Base on Balls | Batting: LHB Troy Jackson | 0-0: Swinging Strike 0-1: Ball 1-1: Ground out U3 (Groundball, 3) | Bottom of the 6th over - 0 runs, 0 hits, 0 errors, 1 left on base; Red Deer 8 - Balzac 4 | TOP OF THE 7TH |
---|
Red Deer Wranglers batting - Pitching for Balzac Rams : RHP John Harris | Batting: RHB Ismael Ortíz | 0-0: Ball 1-0: Called Strike 1-1: Ground out U3 (Groundball, 3L) | Batting: LHB Héctor Santos | 0-0: Ball 1-0: Foul Ball, location: 2F 1-1: Ground out 6-3 (Groundball, 6) | Batting: RHB Julián García | 0-0: Called Strike 0-1: Ball 1-1: Ball 2-1: Foul Ball, location: 2F 2-2: Ball 3-2: Base on Balls | Batting: SHB Robbie Rhodes | 0-0: Called Strike 0-1: Ball 1-1: Called Strike 1-2: Strikes out swinging | Top of the 7th over - 0 runs, 0 hits, 0 errors, 1 left on base; Red Deer 8 - Balzac 4 | BOTTOM OF THE 7TH |
---|
Balzac Rams batting - Pitching for Red Deer Wranglers : RHP Dusty Smith | Batting: RHB Gunner Allen | 0-0: Ball 1-0: Fly out, F8 (Flyball, 8RD) | Batting: RHB Ken Longoria | 0-0: Ball 1-0: Swinging Strike 1-1: Ball 2-1: Fly out, F3 (Line Drive, 34) | Batting: RHB Tommy Wilson | 0-0: Ball 1-0: Ball 2-0: Foul Ball, location: 2F 2-1: SINGLE (Flyball, 78M) | Batting: LHB Carlos Romero | 0-0: Called Strike 0-1: Fly out, F6 (Line Drive, 56D) | Bottom of the 7th over - 0 runs, 1 hit, 0 errors, 1 left on base; Red Deer 8 - Balzac 4 | TOP OF THE 8TH |
---|
Red Deer Wranglers batting - Pitching for Balzac Rams : RHP John Harris | Batting: LHB Edgar López | 0-0: SINGLE (Groundball, 34) (infield hit) | Batting: LHB Jorge Olvera | 0-0: Ball 1-0: Called Strike 1-1: Foul Ball, location: 2F 1-2: Foul Ball, location: 2F 1-2: SINGLE (Flyball, 7LM) Edgar López to second | Pitching: LHP Pedro Guerra | | Batting: RHB Pedro Cabrera | 0-0: Ball 1-0: Foul Ball, location: 2F 1-1: Swinging Strike 1-2: Ball 2-2: Foul Ball, location: 2F 2-2: Fielders Choice at 2nd, 3-6 (Groundball, 34) Edgar López to third | Batting: RHB Joe Lewis | 0-0: Ball 1-0: Ball 2-0: Called Strike 2-1: Called Strike 2-2: Foul Ball, location: 2F 2-2: Strikes out looking | Batting: LHB Francisco Blanco | 0-0: Ball 1-0: Foul Ball, location: 2F 1-1: Ball 2-1: Fly out, F1 (Popup, P) | Top of the 8th over - 0 runs, 2 hits, 0 errors, 2 left on base; Red Deer 8 - Balzac 4 | BOTTOM OF THE 8TH |
---|
Balzac Rams batting - Pitching for Red Deer Wranglers : RHP Dusty Smith | Batting: RHB Lorenzo Silva | 0-0: Called Strike 0-1: Ball 1-1: Fly out, F9 (Flyball, 9S) | Batting: RHB Jason Ward | 0-0: Ball 1-0: Ball 2-0: Swinging Strike 2-1: Swinging Strike 2-2: Ball 3-2: Foul Ball, location: 2F 3-2: Foul Ball, location: 2F 3-2: SINGLE (Line Drive, 4M) | Batting: RHB Ricardo Muñóz | 0-0: Foul Ball, location: 2F 0-1: Ball 1-1: Foul Ball, location: 2F 1-2: Ball 2-2: Grounds into double play, 4-6-3 (Groundball, 4M) | Bottom of the 8th over - 0 runs, 1 hit, 0 errors, 0 left on base; Red Deer 8 - Balzac 4 | TOP OF THE 9TH |
---|
Red Deer Wranglers batting - Pitching for Balzac Rams : LHP Pedro Guerra | Batting: RHB Ismael Ortíz | 0-0: Called Strike 0-1: Foul Ball, location: 2F 0-2: Ball 1-2: Reached on error, E6 (Groundball, 6S) | Batting: LHB Héctor Santos | 0-0: Ball 1-0: Foul Ball, location: 2F 1-1: Called Strike 1-2: Strikes out swinging | Batting: RHB Julián García | 0-0: Ball 1-0: DOUBLE (Flyball, 8LXD) Ismael Ortíz to third | Batting: SHB Robbie Rhodes | 0-0: Ball 1-0: Ball 2-0: Ball 3-0: Called Strike 3-1: Called Strike 3-2: Strikes out swinging | Batting: LHB Edgar López | 0-0: Swinging Strike 0-1: Foul Ball, location: 2F 0-2: Strikes out swinging | Top of the 9th over - 0 runs, 1 hit, 1 error, 2 left on base; Red Deer 8 - Balzac 4 | BOTTOM OF THE 9TH |
---|
Balzac Rams batting - Pitching for Red Deer Wranglers : RHP Dusty Smith | Batting: SHB Emílio Calvillo | 0-0: Ball 1-0: Ball 2-0: Foul Ball, location: 2F 2-1: Ball 3-1: Foul Ball, location: 2F 3-2: Ground out 5-3 (Groundball, 5L) | Batting: LHB Troy Jackson | 0-0: Swinging Strike 0-1: Ball 1-1: DOUBLE (Flyball, 8LD) | Batting: RHB Gunner Allen | 0-0: Swinging Strike 0-1: Ground out 5-3 (Groundball, 5) | Batting: RHB Ken Longoria | 0-0: Ball 1-0: Called Strike 1-1: Ground out 6-3 (Groundball, 6) | Bottom of the 9th over - 0 runs, 1 hit, 0 errors, 1 left on base; Red Deer 8 - Balzac 4 | |